 Dungeon Crawl Stone Soup version 0.23.2-33-g5129a83184 (webtiles) character file.

Game seed: 16925062930774734236

153855 Revguard the Bludgeoner (level 17, -3/172 HPs)
             Began as a Troll Gladiator on July 8, 2019.
             Was the Champion of Okawaru.
             Slain by a tentacle (17 damage)
             ... attached to a kraken
             ... on level 2 of the Shoals.
             The game lasted 01:26:58 (22252 turns).

Revguard the Bludgeoner (Troll Gladiator)          Turns: 22252, Time: 01:26:58

Health: -3/172     AC: 19    Str: 36    XL:     17   Next: 5%
Magic:  32/39      EV: 23    Int:  6    God:    Okawaru [******]
Gold:   2732       SH:  0    Dex: 19    Spells: 16/16 levels left

rFire    + . .     SeeInvis .   N - +6 giant club "Lumomygy" {vamp, *Contam rPois rC- MP+9}
rCold    . . .     Gourm    +   (shield currently unavailable)
rNeg     . . .     Faith    .   E - +4 troll leather armour
rPois    +         Spirit   .   B - +4 hat "Nenigai" {Str+3 Stlth+}
rElec    .         Reflect  .   l - +0 cloak of Noughts and Crosses {rPois rF+}
rCorr    .         Harm     .   (gloves unavailable)
MR       +....                  (boots unavailable)
Stlth    +++++.....             W - amulet of regeneration
HPRegen  1.58/turn              h - +3 ring of slaying
MPRegen  0.26/turn              Y - ring of Taucreb {rC+ MP+9 Str+3 Dex+3 Stlth+}

@: heroism, finesse
A: large, unfitting armour, claws 3, horns 1, clever 1, fast metabolism 3,
gourmand, low mp 1, regeneration 1, screaming 1, shaggy fur 1, strong 2, tough
skin 3
a: Heroism, Finesse, Renounce Religion


You were on level 2 of the Shoals.
You worshipped Okawaru.
Okawaru was exalted by your worship.
You were very full.

You visited 5 branches of the dungeon, and saw 26 of its levels.
You visited the Abyss 1 time.
You also visited: Sewer, Bailey and Gauntlet.

You collected 2732 gold pieces.

Inventory:

Hand Weapons
 N - the +6 giant club "Lumomygy" (weapon) {vamp, *Contam rPois rC- MP+9}
   (Okawaru gifted it to you on level 14 of the Dungeon)

   It inflicts no extra harm, but heals its wielder when it wounds a living foe.
   It makes you vulnerable to cold.
   It protects you from poison.
   It affects your magic capacity (+9).
   It causes magical contamination when unequipped.
 O - a +5 morningstar of crushing
Missiles
 D - 12 large rocks (quivered)
Armour
 l - the +0 cloak of Noughts and Crosses (worn) {rPois rF+}
   (You acquired it on level 9 of the Dungeon)

   It protects you from fire.
   It protects you from poison.
 r - a +2 robe of fire resistance
 z - a +2 robe of cold resistance
 B - the +4 hat "Nenigai" (worn) {Str+3 Stlth+}
   (Okawaru gifted it to you on level 13 of the Dungeon)

   It affects your strength (+3).
   It makes you more stealthy.
 E - a +4 troll leather armour (worn)
Jewellery
 h - a +3 ring of slaying (left claw)
 q - an uncursed amulet of rage
 G - an uncursed ring of protection from fire
 M - an uncursed ring of resist corrosion
 P - an uncursed ring of positive energy
 R - an uncursed ring of protection from cold
 W - an amulet of regeneration (around neck)
 Y - the ring of Taucreb (right claw) {rC+ MP+9 Str+3 Dex+3 Stlth+}
   (You found it in a Gauntlet)

   [ring of strength]

   It affects your strength (+3).
   It affects your dexterity (+3).
   It protects you from cold.
   It affects your magic capacity (+9).
   It makes you more stealthy.
Wands
 d - a wand of iceblast (5)
 u - a wand of paralysis (28)
 w - a wand of flame (132)
 y - a wand of digging (4)
 H - a wand of random effects (34)
 I - a wand of polymorph (16)
 K - a wand of acid (15)
Scrolls
 a - 6 scrolls of enchant weapon
 c - a scroll of summoning
 g - 4 scrolls of immolation
 i - 2 scrolls of enchant armour
 m - 5 scrolls of fear
 o - 15 scrolls of teleportation
 s - a scroll of amnesia
 t - 2 scrolls of remove curse
 C - a scroll of magic mapping
 F - 3 scrolls of torment
 J - a scroll of blinking
 T - 2 scrolls of identify
Potions
 e - 4 potions of magic
 j - 4 potions of flight
 k - 2 potions of agility
 n - 4 potions of lignification
 p - 10 potions of might
 v - a potion of cancellation
 x - 13 potions of curing
 A - a potion of invisibility
 S - 5 potions of brilliance
 U - a potion of mutation
 V - 2 potions of resistance
 Z - a potion of haste
Miscellaneous
 L - a sack of spiders
 Q - a phial of floods
 X - a phantom mirror
Comestibles
 b - 10 chunks of flesh
 f - 40 rations


   Skills:
 + Level 11.7(16.7) Fighting
 + Level 18.2(23.2) Maces & Flails
 + Level 1.9(6.9) Throwing
 + Level 4.8(9.8) Armour
 * Level 12.2(17.2) Dodging
 + Level 10.4 Invocations
 + Level 2.2 Evocations


You had 16 spell levels left.
You didn't know any spells.
Your spell library contained the following spells:

 Spells                   Type           Power        Failure   Level  Hunger
 Animate Skeleton         Necr           N/A          47%         1    ##.....
 Apportation              Tloc           #.....       47%         1    ##.....
 Confusing Touch          Hex            #.....       47%         1    ##.....
 Magic Dart               Conj           #...         47%         1    ##.....
 Sandblast                Erth           #.....       47%         1    ##.....
 Summon Small Mammal      Summ           #...         47%         1    ##.....
 Passwall                 Tmut/Erth      #.......     63%         2    ###....
 Poisonous Vapours        Pois/Air       #.....       63%         2    ###....
 Searing Ray              Conj           #.....       63%         2    ###....
 Conjure Flame            Conj/Fire      #.......     85%         3    ####...
 Dazzling Spray           Conj/Hex       #.....       85%         3    ####...
 Gell's Gravitas          Tloc           #.........   85%         3    ####...
 Mephitic Cloud           Conj/Pois/Air  #.......     85%         3    ####...
 Portal Projectile        Hex/Tloc       #.....       85%         3    ####...
 Stone Arrow              Conj/Erth      #.....       85%         3    ####...
 Cause Fear               Hex            #.........   99%         4    #####..
 Force Lance              Conj/Tloc      #.......     99%         4    #####..
 Fulminant Prism          Conj/Hex       #.........   99%         4    #####..
 Ice Form                 Ice/Tmut       #.......     99%         4    #####..
 Iskenderun's Mystic Bla  Conj           #.......     99%         4    #####..
 Petrify                  Tmut/Erth      #.......     99%         4    #####..
 Summon Lightning Spire   Summ/Air       #.......     99%         4    #####..
 Irradiate                Conj/Tmut      #.........   100%        5    ######.
 Lee's Rapid Deconstruct  Erth           #.........   100%        5    ######.
 Metabolic Englaciation   Hex/Ice        #.........   100%        5    ######.
 Silence                  Hex/Air        #.........   100%        5    ######.
 Summon Mana Viper        Hex/Summ       #.......     100%        5    ######.
 Bolt of Cold             Conj/Ice       #.........   100%        6    #######
 Conjure Ball Lightning   Conj/Air       #.........   100%        6    #######
 Deflect Missiles         Chrm/Air       #.........   100%        6    #######
 Dispersal                Tloc           #.........   100%        6    #######
 Freezing Cloud           Conj/Ice/Air   #.........   100%        6    #######
 Hydra Form               Tmut           #.........   100%        6    #######
 Ozocubu's Refrigeration  Ice            #.........   100%        6    #######
 Simulacrum               Ice/Necr       #.........   100%        6    #######
 Statue Form              Tmut/Erth      #........    100%        6    #######
 Dragon Form              Tmut           #.........   100%        7    #######
 Ring of Flames           Chrm/Fire      #.........   100%        7    #######
 Spellforged Servitor     Conj/Summ      #.........   100%        7    #######
 Controlled Blink         Tloc           N/A          100%        8    #######
 Disjunction              Tloc           #.........   100%        8    #######
 Tornado                  Air            #.........   100%        9    #######


Dungeon Overview and Level Annotations

Branches:
Dungeon (15/15)            Temple (1/1) D:5            Lair (6/6) D:9
 Shoals (2/4) Lair:4        Snake (0/4) Lair:3        Slime (0/5) Lair:6
    Orc (2/2) D:11            Elf (0/3) Orc:2        Vaults (0/5) D:13
 Depths (0/5) D:15

Altars:
Ashenzari
Cheibriados
Dithmenos
Elyvilon
Fedhas
Gozag
Hepliaklqana
Kikubaaqudgha
Makhleb
Nemelex Xobeh
Okawaru
Qazlal
Ru
Sif Muna
Trog
Uskayaw
Vehumet
Wu Jian
Xom
Yredelemnul
Zin
The Shining One
Beogh
Jiyva

Shops:
D:4 =   D:8 [   Orc:2 !:=*=

Annotations:
Orc:2 Sonja


Innate Abilities, Weirdness & Mutations

You are too large for most types of armour.
You have claws for hands.
Your metabolism is lightning-fast.
You like to eat raw meat.
Your natural rate of healing is unusually fast.
You are covered in fur. (AC +1)
You have extremely tough skin. (AC +3)
You have a pair of small horns on your head.
Your mind is acute. (Int +2)
Your magical capacity is low. (-10% MP)
You occasionally shout uncontrollably at your foes.
Your muscles are very strong. (Str +4)


Message History

The tentacle slaps you but does no damage.
The tentacle barely misses you. The tentacle closely misses you.
The kraken closely misses you. The tentacle closely misses you.
The tentacle barely misses you. x2; The tentacle slaps you!
* * * LOW HITPOINT WARNING * * *
You can now deal lightning-fast blows.
The kraken completely misses you. The tentacle barely misses you.
The tentacle slaps you but does no damage.
The tentacle slaps you!
* * * LOW HITPOINT WARNING * * *
The tentacle slaps you!
* * * LOW HITPOINT WARNING * * *
The kraken bites you!
* * * LOW HITPOINT WARNING * * *
Okay, then.
You sock the kraken!
You feel better.
You headbutt the kraken, but do no damage.
The kraken is heavily wounded.
The tentacle slaps you!
You die...

.. ##.≈≈.###
...###.≈≈≈...##
...#...≈≈≈≈≈..#.
...≈≈≈≈≈≈≈≈...
.≈............≈≈≈≈≈≈≈...
≈...[.......##..≈≈≈≈...#
............##.ww≈≈..#
............≈##.@X≈.#
............####ww.## #≈
.............≈≈##..###≈≈≈
....................≈≈≈≈≈
...))...............≈≈≈≈≈
...#(.#............≈≈≈≈≈≈
..##..##.........≈≈≈≈≈≈≈≈
.###..###........≈≈≈≈≈≈≈≈
####..####......≈≈≈≈≈≈≈≈≈


You could see a kraken and 4 tentacles.

Vanquished Creatures
  A lich (Abyss:2)
  A tentacled starspawn (Abyss:2)
  Gastronok (Lair:3)
  A fire giant (D:11)
  2 cacodemons
  A very ugly thing (Abyss:2)
  Nessos (Orc:2)
  Azrael (D:14)
  A minotaur (Gauntlet)
  The ghost of Hydu the Covert, a journeyman HaBe of Trog (Orc:1)
  The ghost of Destapler the Covert, a journeyman HaBe of Trog (Orc:1)
  An ettin (D:15)
  The ghost of Descartes the Cleaver, a journeyman FoFi of Cheibriados (Lair:1)
  A green death (Abyss:2)
  A merfolk impaler (Shoals:1)
  A great orb of eyes (Gauntlet)
  6 ogre magi
  8 vault guards (D:13)
  An ice dragon (D:11)
  7 hydras
  Erolcha (D:9)
  The ghost of tailblues the Ducker, a journeyman DgWz (Lair:2)
  A merfolk avatar (Shoals:1)
  Erica (D:9)
  20 two-headed ogres
  3 centaur warriors
  17 death yaks
  2 tengu warriors (D:15)
  An orc high priest (Orc:2)
  14 spriggans (Lair:6)
  Nergalle (D:12)
  A wretched star (Abyss:2)
  A fire crab (shapeshifter) (D:15)
  2 sea snakes (Shoals:1)
  2 flayed ghosts
  A wizard (Gauntlet)
  An unseen horror (D:13)
  3 starcursed masses (Abyss:2)
  Pikel (D:4)
  2 deep elf magi
  3 orc knights
  20 harpies (Shoals:1)
  A phantasmal warrior (D:11)
  4 orc sorcerers
  2 oklob plants (Lair:4)
  3 cyclopes
  A faun (Shoals:2)
  5 ugly things
  5 manticores
  A black mamba (Lair:5)
  A merfolk siren (Shoals:1)
  A water nymph (Shoals:1)
  18 elephants
  Psyche (D:9)
  2 gargoyles
  7 komodo dragons
  4 rime drakes
  9 spiny frogs
  A centaur skeleton (D:14)
  3 yaktaurs (D:15)
  2 kobold demonologists
  A tormentor (Abyss:2)
  A tengu conjurer (D:15)
  An efreet (D:9)
  4 polar bears (Lair:6)
  7 merfolk
  A silent spectre (Abyss:2)
  A wind drake (Shoals:2)
  5 hornets (Lair:6)
  2 large abominations (Abyss:2)
  Prince Ribbit (D:5)
  9 trolls
  24 blink frogs
  A wind drake (shapeshifter) (D:14)
  5 raiju (Abyss:2)
  3 snapping turtles
  8 dream sheep
  A meliai zombie (D:15)
  6 hippogriffs
  6 wraiths
  A vampire (D:11)
  4 water elementals
  A ynoxinul (Abyss:2)
  5 shadows
  Sigmund (D:2)
  3 wyverns
  A human (D:8)
  3 fire elementals (D:14)
  3 hogs (D:8)
  43 yaks
  4 basilisks
  A golden eye (shapeshifter) (D:15)
  5 neqoxecs
  6 hungry ghosts
  Grum (D:9)
  A chaos spawn (Abyss:2)
  8 vampire mosquitoes
  Menkaure (D:5)
  A warg (Orc:1)
  A naga (Lair:3)
  An acid dragon (D:10)
  2 soldier ants
  4 porcupines
  7 water moccasins
  4 hell hounds (D:14)
  An ice beast (D:8)
  32 orc warriors
  4 sky beasts
  7 black bears
  An eye of draining (D:13)
  3 phantoms
  31 ogres
  9 centaurs
  3 boggarts (Lair:6)
  39 wolves
  15 crocodiles
  19 bullfrogs
  2 big kobolds (Sewer)
  A wyvern zombie (D:14)
  A water moccasin skeleton (D:7)
  2 scorpions
  3 wights (D:14)
  7 killer bees
  3 howler monkeys
  6 electric eels
  9 crimson imps
  2 bullfrog zombies
  2 centaur zombies
  2 jellies
  3 quasits
  3 hounds
  A gnoll shaman (D:7)
  4 bullfrog skeletons
  23 orc priests
  An iron imp (Abyss:2)
  22 orc wizards
  4 iguanas
  Ijyb (D:5)
  Terence (D:2)
  7 hell rats (Lair:2)
  3 small abominations (Abyss:2)
  A statue (D:5)
  13 worker ants
  4 hound skeletons
  A worker ant zombie (D:4)
  Robin (D:2)
  13 gnolls
  2 river rats (Sewer)
  10 adders
  3 shadow imps
  A white imp (Gauntlet)
  3 oozes (Sewer)
  An adder zombie (D:8)
  An adder skeleton (D:6)
  5 worms
  3 dart slugs
  7 leopard geckos
  111 orcs
  10 bats
  8 giant cockroaches
  16 goblins
  16 hobgoblins
  14 jackals
  3 quokkas
  3 ball pythons
  7 frilled lizards
  17 kobolds
  9 rats
  6 plants
  A starspawn tentacle (Abyss:2)
  A tentacle (Shoals:2)
976 creatures vanquished.

Vanquished Creatures (collateral kills)
  A troll (D:14)
1 creature vanquished.

Vanquished Creatures (others)
  A two-headed ogre (D:9)
  3 orcs
  A jackal (D:4)
  7 demonic plants (Gauntlet)
  A fungus (Lair:3)
  9 plants
  3 starspawn tentacles (Abyss:2)
  A tentacle (Shoals:2)
26 creatures vanquished.

Grand Total: 1003 creatures vanquished

Notes
Turn   | Place    | Note
-------+----------+-------------------------------------------
     0 | D:1      | Revguard the Troll Gladiator began the quest for the Orb.
     0 | D:1      | Reached XP level 1. HP: 19/19 MP: 0/0
   108 | D:1      | Reached skill level 3 in Maces & Flails
   128 | D:1      | Reached XP level 2. HP: 23/27 MP: 1/1
   348 | D:1      | Reached XP level 3. HP: 35/35 MP: 2/2
   813 | D:2      | Found a white marble altar of Elyvilon.
   845 | D:2      | Noticed Sigmund
   861 | D:2      | Killed Sigmund
   861 | D:2      | Reached skill level 5 in Maces & Flails
   861 | D:2      | Reached XP level 4. HP: 15/42 MP: 3/3
   861 | D:2      | Reached XP level 5. HP: 18/49 MP: 4/4
   890 | D:2      | Found a stormy altar of Qazlal.
   908 | D:2      | Noticed Robin
   919 | D:2      | Killed Robin
  1221 | D:2      | Noticed Terence
  1227 | D:2      | Killed Terence
  1227 | D:2      | Reached XP level 6. HP: 57/57 MP: 5/5
  2136 | D:4      | Found Qoosedgho's Jewellery Shop.
  2145 | D:4      | Found a glowing drain.
  2161 | Sewer    | Entered a sewer
  2270 | Sewer    | Reached skill level 6 in Maces & Flails
  2457 | D:4      | Reached XP level 7. HP: 56/66 MP: 6/6
  2549 | D:4      | Reached skill level 7 in Maces & Flails
  2627 | D:4      | Noticed Pikel
  2661 | D:4      | Killed Pikel
  2661 | D:4      | Reached skill level 8 in Maces & Flails
  2661 | D:4      | Reached XP level 8. HP: 50/75 MP: 7/7
  2936 | D:5      | Entered Level 5 of the Dungeon
  3041 | D:5      | Noticed Prince Ribbit
  3052 | D:5      | Killed Prince Ribbit
  3069 | D:5      | Found a staircase to the Ecumenical Temple.
  3096 | Temple   | Entered the Ecumenical Temple
  3135 | Temple   | Became a worshipper of Warmaster Okawaru
  3352 | D:5      | Found a radiant altar of Vehumet.
  3352 | D:5      | Noticed Menkaure
  3366 | D:5      | Killed Menkaure
  3366 | D:5      | Reached skill level 9 in Maces & Flails
  3456 | D:5      | Noticed Ijyb
  3474 | D:5      | Killed Ijyb
  3474 | D:5      | Reached skill level 1 in Invocations
  3588 | D:5      | Found a bloodstained altar of Trog.
  3666 | D:5      | Reached * piety under Okawaru
  3676 | D:5      | Found a blossoming altar of Fedhas.
  4011 | D:6      | Reached XP level 9. HP: 73/84 MP: 8/8
  4307 | D:6      | Gained mutation: Your muscles are strong. (Str +2) [potion
                  | of mutation]
  4307 | D:6      | Gained mutation: You have a pair of small horns on your
                  | head. [potion of mutation]
  4307 | D:6      | Gained mutation: Your muscles are very strong. (Str +4)
                  | [potion of mutation]
  4307 | D:6      | Gained mutation: Your mind is acute. (Int +2) [potion of
                  | mutation]
  4508 | D:6      | Reached skill level 10 in Maces & Flails
  4617 | D:6      | Found a hide-covered altar of Uskayaw.
  4824 | D:6      | Reached ** piety under Okawaru
  5335 | D:7      | Found a shadowy altar of Dithmenos.
  5342 | D:7      | Found a sparkling altar of Nemelex Xobeh.
  5569 | D:7      | Found an ancient bone altar of Kikubaaqudgha.
  5776 | D:7      | Noticed a deep elf mage
  5790 | D:7      | Killed a deep elf mage
  5790 | D:7      | Reached *** piety under Okawaru
  5790 | D:7      | Reached skill level 11 in Maces & Flails
  5790 | D:7      | Reached XP level 10. HP: 28/94 MP: 7/11
  5964 | D:7      | Reached skill level 5 in Dodging
  6052 | D:8      | Found a snail-covered altar of Cheibriados.
  6052 | D:8      | Found a shattered altar of Ashenzari.
  6354 | D:8      | Reached skill level 5 in Fighting
  6458 | D:8      | Found Juqeamef's Armour Shoppe.
  6528 | D:8      | Found an ornate altar of the Wu Jian Council.
  6600 | D:8      | Found a roughly hewn altar of Beogh.
  6617 | D:8      | Reached **** piety under Okawaru
  6809 | D:9      | Found a flagged portal.
  6833 | Bailey   | Entered a bailey
  6888 | Bailey   | Noticed an orc sorcerer
  6888 | Bailey   | Noticed an orc sorcerer
  6896 | Bailey   | Noticed a smoke demon
  6912 | Bailey   | Noticed an orange demon
  6917 | Bailey   | Killed an orc sorcerer
  6919 | Bailey   | Killed an orc sorcerer
  7038 | Bailey   | Found an iron altar of Okawaru.
  7244 | Bailey   | Reached skill level 12 in Maces & Flails
  7398 | Bailey   | HP: 1/96 [orc warrior/+0 hand axe (13)]
  7712 | Bailey   | Noticed an orc knight
  7723 | Bailey   | Killed an orc knight
  7845 | Bailey   | Reached XP level 11. HP: 58/104 MP: 13/13
  8042 | D:9      | Reached skill level 1 in Evocations
  8049 | D:9      | Noticed Psyche
  8056 | D:9      | Killed Psyche
  8123 | D:9      | Noticed Erica
  8150 | D:9      | Killed Erica
  8150 | D:9      | Reached ***** piety under Okawaru
  8150 | D:9      | Reached skill level 5 in Invocations
  8155 | D:9      | Noticed Grum
  8175 | D:9      | Killed Grum
  8270 | D:9      | Found a staircase to the Lair.
  8385 | D:9      | Noticed a two-headed ogre
  8400 | D:9      | Received a gift from Okawaru
  8453 | D:9      | Got a pitted cloak
  8464 | D:9      | Identified the +0 cloak of Noughts and Crosses {rPois rF+}
                  | (You acquired it on level 9 of the Dungeon)
  8570 | D:9      | Found a sacrificial altar of Ru.
  8735 | D:10     | Entered Level 10 of the Dungeon
  8857 | D:10     | Reached skill level 1 in Armour
  8978 | D:10     | Found a basalt altar of Yredelemnul.
  9508 | D:10     | Noticed a centaur warrior
  9521 | D:10     | Killed a centaur warrior
  9521 | D:10     | Reached skill level 13 in Maces & Flails
  9694 | D:11     | Noticed a two-headed ogre
  9699 | D:11     | Killed a two-headed ogre
  9704 | D:11     | Noticed an ice dragon
  9719 | D:11     | Killed an ice dragon
  9770 | D:11     | Noticed a flayed ghost
  9777 | D:11     | Reached XP level 12. HP: 89/115 MP: 15/15
 10035 | D:11     | Found a staircase to the Orcish Mines.
 10040 | D:11     | Noticed a two-headed ogre
 10049 | D:11     | Killed a two-headed ogre
 10055 | D:11     | Found a roughly hewn altar of Beogh.
 10152 | D:11     | Noticed a four-headed hydra
 10157 | D:11     | Killed a four-headed hydra
 10157 | D:11     | Received a gift from Okawaru
 10158 | D:11     | Noticed a two-headed ogre
 10161 | D:11     | Killed a two-headed ogre
 10161 | D:11     | Noticed a fire giant
 10174 | D:11     | Killed a fire giant
 10550 | D:12     | Found a sacrificial altar of Ru.
 10976 | D:12     | Noticed Nergalle
 10982 | D:12     | Killed Nergalle
 10982 | D:12     | Reached skill level 14 in Maces & Flails
 10991 | D:12     | Noticed a seven-headed hydra
 11015 | D:12     | Killed a seven-headed hydra
 11089 | D:12     | You fall through a shaft!
 11778 | D:13     | Noticed a vault guard
 11778 | D:13     | Noticed a vault guard
 11778 | D:13     | Noticed a vault guard
 11779 | D:13     | Found a gate to the Vaults.
 11779 | D:13     | Noticed a vault guard
 11779 | D:13     | Noticed a vault guard
 11779 | D:13     | Noticed a vault guard
 11779 | D:13     | Noticed a vault guard
 11779 | D:13     | Noticed a vault guard
 11787 | D:13     | Killed a vault guard
 11794 | D:13     | Killed a vault guard
 11794 | D:13     | Reached XP level 13. HP: 124/124 MP: 10/17
 11806 | D:13     | Reached ****** piety under Okawaru
 11806 | D:13     | Received a gift from Okawaru
 11845 | D:13     | Got a polished hat {god gift}
 11858 | D:13     | Identified the +4 hat "Nenigai" {Str+3 Stlth+} (Okawaru
                  | gifted it to you on level 13 of the Dungeon)
 12219 | D:14     | Noticed Azrael
 12256 | D:14     | Killed Azrael
 12275 | D:14     | Found a hazy altar of Hepliaklqana.
 12589 | D:14     | Received a gift from Okawaru
 12592 | D:14     | Got a faintly glowing giant club {god gift}
 12594 | D:14     | Identified the +6 giant club "Lumomygy" {vamp, *Contam
                  | rPois rC- MP+9} (Okawaru gifted it to you on level 14 of
                  | the Dungeon)
 13107 | D:14     | Reached skill level 15 in Maces & Flails
 13156 | D:15     | Entered Level 15 of the Dungeon
 13173 | D:15     | Found a gate leading to a gauntlet.
 13180 | Gauntlet | Entered a Gauntlet
 13180 | Gauntlet | Found a transporter.
 13180 | Gauntlet | Found a transporter.
 13180 | Gauntlet | Found a transporter.
 13181 | Gauntlet | Found a transporter.
 13184 | Gauntlet | Found a transporter.
 13184 | Gauntlet | Found a transporter.
 13199 | Gauntlet | Found a transporter.
 13201 | Gauntlet | Found a transporter.
 13213 | Gauntlet | Found a transporter.
 13213 | Gauntlet | Noticed a dire elephant
 13226 | Gauntlet | Noticed a cacodemon
 13321 | Gauntlet | Found a transporter.
 13339 | Gauntlet | Found a transporter.
 13343 | Gauntlet | Found a transporter.
 13475 | Gauntlet | Got a crystal glaive
 13488 | Gauntlet | Killed a cacodemon
 13519 | Gauntlet | Got a slimy copper ring
 13521 | Gauntlet | Identified the ring of Taucreb {rC+ MP+9 Str+3 Dex+3
                  | Stlth+} (You found it in a Gauntlet)
 13584 | Gauntlet | Noticed a minotaur
 13594 | Gauntlet | Killed a minotaur
 13594 | Gauntlet | Reached XP level 14. HP: 106/137 MP: 19/19
 13605 | Gauntlet | Identified Huink's Handbook of the Oath
 13612 | Gauntlet | Identified the Collected Works on Cold and Combat Magic
 13616 | Gauntlet | Found the +3 pair of gauntlets of War {Slay+5}
 13849 | D:15     | Received a gift from Okawaru
 13864 | D:15     | Got a translucent giant club {god gift}
 13906 | D:15     | Found a staircase to the Depths.
 13999 | D:15     | Found a shattered altar of Ashenzari.
 14687 | Orc:1    | Entered Level 1 of the Orcish Mines
 14893 | Orc:1    | Found a roughly hewn altar of Beogh.
 14981 | Orc:1    | Found a runed translucent gate.
 14982 | Orc:1    | Found a runed translucent gate.
 14983 | Orc:1    | Found a runed translucent gate.
 14984 | Orc:1    | Noticed Destapler's ghost (journeyman HaBe)
 14984 | Orc:1    | Noticed Hydu's ghost (journeyman HaBe)
 15013 | Orc:1    | Killed Destapler's ghost
 15014 | Orc:1    | Killed Hydu's ghost
 15117 | Orc:2    | Entered Level 2 of the Orcish Mines
 15151 | Orc:2    | Found Meucs's Jewellery Shoppe.
 15257 | Orc:2    | Reached skill level 16 in Maces & Flails
 15280 | Orc:2    | Received a gift from Okawaru
 15281 | Orc:2    | Found the +3 giant club "Skullcrusher" {speed, Str+7}
 15305 | Orc:2    | Reached XP level 15. HP: 142/148 MP: 21/21
 15308 | Orc:2    | Reached skill level 10 in Invocations
 15348 | Orc:2    | Found Peenigann's Book Shoppe.
 15348 | Orc:2    | Found Xageypaa's Assorted Antiques.
 15364 | Orc:2    | Found Usmoumef's Jewellery Shoppe.
 15364 | Orc:2    | Found Ytuacho's Distillery.
 15426 | Orc:2    | Found a staircase to the Elven Halls.
 15602 | Orc:2    | Noticed Sonja
 15606 | Orc:2    | Noticed Nessos
 15611 | Orc:2    | Cast into level 2 of the Abyss (Sonja)
 15681 | Abyss:2  | Identified the +5 giant club of the Pyrrhic Victory {flame,
                  | SInv} (Okawaru gifted it to you on level 15 of the Dungeon)
 15733 | Abyss:2  | Reached skill level 10 in Dodging
 15778 | Abyss:2  | Gained mutation: Your magical capacity is low. (-10% MP) [a
                  | neqoxec]
 15794 | Abyss:2  | Noticed a lich
 15806 | Abyss:2  | Killed a lich
 15806 | Abyss:2  | Received a gift from Okawaru
 15817 | Abyss:2  | Gained mutation: You occasionally shout uncontrollably at
                  | your foes. [a cacodemon]
 15858 | Abyss:2  | Noticed a tentacled starspawn
 15867 | Abyss:2  | Killed a tentacled starspawn
 15947 | Orc:2    | Escaped the Abyss
 15953 | Orc:2    | Found a roughly hewn altar of Beogh.
 16033 | Orc:2    | Paralysed by an orc sorcerer for 2 turns
 16081 | Orc:2    | Killed Nessos
 16374 | D:9      | Noticed Erolcha
 16382 | D:9      | Killed Erolcha
 16394 | Lair:1   | Entered Level 1 of the Lair of Beasts
 16463 | Lair:1   | Found a transporter.
 16561 | Lair:1   | Reached skill level 10 in Fighting
 16614 | Lair:1   | Noticed Descartes's ghost (journeyman FoFi)
 16632 | Lair:1   | Killed Descartes's ghost
 16643 | Lair:1   | Found a transporter.
 16648 | Lair:1   | Got a dazzling dire flail
 17240 | Lair:2   | Reached skill level 17 in Maces & Flails
 17284 | Lair:2   | Found a runed translucent door.
 17285 | Lair:2   | Noticed tailblues's ghost (journeyman DgWz)
 17300 | Lair:2   | Killed tailblues's ghost
 18008 | Lair:3   | Identified the cursed +1 dire flail of the Sun {freeze, rF+
                  | MR- Dex+3} (You found it on level 1 of the Lair of Beasts)
 18289 | Lair:3   | Found a staircase to the Snake Pit.
 18337 | Lair:3   | Noticed Gastronok
 18347 | Lair:3   | Killed Gastronok
 18873 | Lair:4   | Received a gift from Okawaru
 18878 | Lair:4   | Reached XP level 16. HP: 161/161 MP: 20/20
 18882 | Lair:4   | Got a shimmering giant club {god gift}
 19068 | Lair:4   | Found a staircase to the Shoals.
 20277 | Lair:6   | Entered Level 6 of the Lair of Beasts
 20277 | Lair:6   | Found a viscous altar of Jiyva.
 20277 | Lair:6   | Found a staircase to the Slime Pits.
 20305 | Lair:6   | Received a gift from Okawaru
 20308 | Lair:6   | Got a steaming giant spiked club {god gift}
 20325 | Lair:6   | Identified the +3 giant spiked club "Xesaah" {crush, rC+
                  | rN+ MR+} (Okawaru gifted it to you on level 6 of the Lair
                  | of Beasts)
 20328 | Lair:6   | Identified the +4 giant club "Huan" {pain, rC+ MP-9 Dex+4
                  | Stlth+} (Okawaru gifted it to you on level 4 of the Lair of
                  | Beasts)
 20737 | Lair:6   | Reached skill level 18 in Maces & Flails
 21087 | Lair:6   | Identified the +10 rapier of Siololon {pierce, rPois rF+}
 21414 | Shoals:1 | Entered Level 1 of the Shoals
 21458 | Shoals:1 | Received a gift from Okawaru
 21997 | Shoals:1 | Received a gift from Okawaru
 21998 | Shoals:1 | Reached XP level 17. HP: 172/172 MP: 21/21
 22024 | Shoals:1 | Got a slimy robe {god gift}
 22035 | Shoals:1 | Identified the +2 robe "Qumpopri" {rF- MR+ rCorr} (Okawaru
                  | gifted it to you on level 1 of the Shoals)
 22235 | Shoals:2 | Noticed a kraken
 22251 | Shoals:2 | HP: 8/172 [kraken (14)]
 22252 | Shoals:2 | Slain by a tentacle

Skill      XL: |  1  2  3  4  5  6  7  8  9 10 11 12 13 14 15 16 |
---------------+-------------------------------------------------+-----
Maces & Flails | 3 5 6 8 9 11 12 13 14 15 16 17 18 | 18.2
Fighting       | 2 3 4 5 6 7 8 9 10 11 | 11.7
Dodging        | 3 4 6 7 8 9 10 12 | 12.2
Invocations    | 1 2 4 6 7 8 9 10 | 10.4
Evocations     | 1 2 |  2.2
Armour         | 2 3 4 |  4.8
Throwing       | |  1.9

Action                   |  1- 3 |  4- 6 |  7- 9 | 10-12 | 13-15 | 16-18 || total
-------------------------+-------+-------+-------+-------+-------+-------++-------
Melee: Flail             |   102 |   176 |    79 |       |       |       ||   357
       Whip              |       |       |    82 |       |       |       ||    82
       Giant spiked club |       |       |   141 |   282 |       |       ||   423
       Headbutt          |       |       |    21 |   152 |   260 |   146 ||   579
       Morningstar       |       |       |       |   315 |   160 |       ||   475
       Punch             |       |       |       |     1 |     1 |       ||     2
       Giant club        |       |       |       |       |   712 |   492 ||  1204
Throw: Large rock        |       |       |       |       |     7 |    10 ||    17
Invok: Heroism           |       |       |     3 |    16 |    11 |     2 ||    32
       Finesse           |       |       |       |     4 |    11 |     2 ||    17
Evoke: Wand              |       |       |     8 |    24 |     9 |       ||    41
       Box of beasts     |       |       |       |       |     1 |       ||     1
       Phial of floods   |       |       |       |       |     1 |       ||     1
       Phantom mirror    |       |       |       |       |     1 |       ||     1
  Use: Scroll            |     1 |     6 |    10 |    17 |    11 |     5 ||    50
       Potion            |       |     5 |     1 |     8 |     3 |       ||    17
 Stab: Sleeping          |     2 |     3 |     1 |     2 |    10 |     6 ||    24
       Distracted        |       |       |     1 |     1 |     4 |       ||     6
       Paralysed         |       |       |       |     3 |       |       ||     3
       Invisible         |       |       |       |       |     3 |       ||     3
  Eat: Chunk             |     9 |    20 |    31 |    84 |    73 |    40 ||   257
       Ration            |       |       |       |     1 |       |       ||     1
Armor: Robe              |    64 |     9 |    86 |    94 |       |       ||   253
       Animal skin       |       |    42 |    53 |       |       |       ||    95
       Troll leather arm |       |       |       |    94 |   244 |   226 ||   564
Dodge: Dodged            |    92 |    83 |   207 |   416 |   664 |   621 ||  2083
